 Dungeon Crawl Stone Soup version 0.23-a0-436-g57debff (webtiles) character file.

3141 XanderDroid the Basher (level 9, -20/57 HPs)
             Began as a Gargoyle Fighter on Nov 16, 2018.
             Was a Believer of Makhleb.
             Killed from afar by a fire dragon (24 damage)
             ... with a blast of flame
             ... on level 8 of the Dungeon.
             The game lasted 00:26:09 (6547 turns).

XanderDroid the Basher (Gargoyle Fighter)           Turns: 6547, Time: 00:26:10

Health: -20/57     AC: 25    Str: 25    XL:     9   Next: 93%
Magic:  12/12      EV:  5    Int:  9    God:    Makhleb [**....]
Gold:   298        SH: 11    Dex: 11    Spells: 8/8 levels left

rFire    . . .     SeeInvis +   a - +2 whip (elec)
rCold    . . .     Gourm    .   c - +0 shield
rNeg     + . .     Faith    .   y - +0 plate armour
rPois    ∞         Spirit   .   p - +2 helmet
rElec    +         Reflect  .   (no cloak)
rCorr    .         Harm     .   h - +0 pair of gloves
MR       .....                  i - +0 pair of boots (curse)
Stlth    ..........             (no amulet)
HPRegen  0.19/turn              t - +4 ring of strength
MPRegen  0.13/turn              m - ring of see invisible

@: no status effects
A: negative energy resistance 1, electricity resistance, unbreathing,
petrification resistance, rot immunity, AC +6
a: Minor Destruction, Renounce Religion


You were on level 8 of the Dungeon.
You worshipped Makhleb.
Makhleb was pleased with you.
You were hungry.

You visited 2 branches of the dungeon, and saw 9 of its levels.

You collected 298 gold pieces.

Inventory:

Hand Weapons
 a - a +2 whip of electrocution (weapon)
Missiles
 q - 67 bolts
Armour
 c - a +0 shield (worn)
 h - a +0 pair of gloves (worn)
 i - a cursed +0 pair of boots (worn)
 p - a +2 helmet (worn)
 y - a +0 plate armour (worn)
Jewellery
 m - a ring of see invisible (right hand)
 t - a +4 ring of strength (left hand)
Scrolls
 b - 4 scrolls of immolation
 g - a scroll of enchant weapon
 l - 3 scrolls of remove curse
 r - 3 scrolls of teleportation
 s - a scroll of magic mapping
 x - a scroll of enchant armour {unknown}
Potions
 d - a potion of might
 e - 4 potions of haste
 j - a potion of mutation
 k - 7 potions of curing
 n - a potion of degeneration {unknown}
 o - a potion of resistance {unknown}
 u - a potion of heal wounds {unknown}
 v - 3 potions of agility {unknown}
 w - a potion of flight {unknown}
Comestibles
 f - 19 rations
 z - 5 chunks of flesh


   Skills:
 + Level 7.0 Fighting
 * Level 8.3 Maces & Flails
 + Level 7.0 Armour
 + Level 7.0 Shields
 + Level 5.0 Invocations


You had 8 spell levels left.
You didn't know any spells.
Your spell library contained the following spells:

 Spells                   Type           Power        Failure   Level  Hunger
 Summon Small Mammal      Summ           #...         100%        1    ##.....
 Call Imp                 Summ           #.......     100%        2    ###....
 Call Canine Familiar     Summ           #.......     100%        3    ####...
 Summon Guardian Golem    Hex/Summ       #.......     100%        3    ####...
 Summon Ice Beast         Ice/Summ       #.......     100%        4    #####..
 Summon Lightning Spire   Summ/Air       #.......     100%        4    #####..


Dungeon Overview and Level Annotations

Branches:
Dungeon (8/15)             Temple (1/1) D:4
   Lair: D:8-11

Altars:
Ashenzari
Cheibriados
Dithmenos
Fedhas
Hepliaklqana
Kikubaaqudgha
Makhleb
Nemelex Xobeh
Okawaru
Qazlal
Ru
Sif Muna
Trog
Uskayaw
Vehumet
Xom
Yredelemnul
Zin
The Shining One


Innate Abilities, Weirdness & Mutations

You are resistant to torment.
Your stone body is resilient. (AC +6)
You are immune to poison.
You resist negative energy. (rN+)
You are resistant to electric shocks. (rElec)
You can survive without breathing.
You are immune to petrification.
You are immune to rotting.


Message History

The orc wizard is almost dead.
Your shield and plate armour prevent you from hitting the orc wizard.
The orc wizard is almost dead.
The orc wizard hits you but does no damage.
You closely miss the orc wizard.
The orc wizard is almost dead.
The orc wizard hits you but does no damage.
You whack the orc wizard!
You kill the orc wizard!
Makhleb accepts your kill. The fire dragon breathes flames at you.
The blast of flame hits you!
Ouch! That really hurt!
You hear an angry growl.
You hear an angry buzzing noise.
The fire dragon breathes flames at you. The blast of flame hits you!
* * * LOW HITPOINT WARNING * * *
The fire dragon breathes flames at you. The blast of flame hits you!
You die...

###############
#.....o))oo...# .
#....#####.....
....####(o### ...
.........D# .
....####..# . #..#
#(.# ##@# ##..#####
##...#...# #..
##..#.#...# #..
#..##.#...#
#..##.###.#...# .
##..##.##..#...# ..
####...##.##.#....#
(..#....#.##......#.##


You could see a fire dragon and an orc.

Vanquished Creatures
  Pikel (D:7)
  A hornet (D:6)
  Grinder (D:4)
  An orc warrior (D:7)
  A sky beast (D:6)
  A black bear (D:6)
  An ice beast (D:6)
  A slave (D:6)
  4 ogres
  A phantom (D:6)
  A centaur (D:5)
  2 big kobolds
  2 bullfrogs
  4 scorpions
  A howler monkey (D:4)
  The ghost of Lavandula the Chucker, a weakling OpHu (D:3)
  A crimson imp (D:8)
  A quasit (D:6)
  A hound (D:4)
  7 orc wizards
  2 orc priests
  A bullfrog skeleton (D:4)
  3 iguanas
  Natasha (thrice) (D:3)
  3 worker ants
  12 adders
  7 gnolls
  2 shadow imps (D:5)
  2 adder zombies
  2 adder skeletons (D:4)
  3 worms
  2 dart slugs
  10 leopard geckos
  18 orcs
  4 bats
  3 giant cockroaches
  4 goblins
  6 hobgoblins
  10 jackals
  19 kobolds
  2 quokkas
  A ball python (D:3)
  3 frilled lizards
  A quokka skeleton (D:6)
  A quokka zombie (D:6)
  6 rats
164 creatures vanquished.

Vanquished Creatures (others)
  An orc wizard (D:7)
  A kobold (D:7)
2 creatures vanquished.

Grand Total: 166 creatures vanquished

Notes
Turn   | Place    | Note
-------+----------+-------------------------------------------
     0 | D:1      | XanderDroid the Gargoyle Fighter began the quest for the
                  | Orb.
     0 | D:1      | Reached XP level 1. HP: 14/14 MP: 1/1
   195 | D:1      | Reached XP level 2. HP: 19/19 MP: 2/2
   225 | D:1      | Found an iron altar of Okawaru.
   486 | D:1      | Reached XP level 3. HP: 23/23 MP: 3/3
   772 | D:2      | Reached skill level 3 in Maces & Flails
   772 | D:2      | Reached XP level 4. HP: 29/29 MP: 4/4
  1536 | D:3      | Noticed Natasha
  1565 | D:3      | Killed Natasha
  1565 | D:3      | Reached XP level 5. HP: 20/33 MP: 5/5
  1572 | D:3      | Noticed Natasha
  1733 | D:3      | Killed Natasha
  1746 | D:3      | Noticed Natasha
  1764 | D:3      | Killed Natasha
  1924 | D:3      | Found a runed door.
  1926 | D:3      | Noticed Lavandula's ghost (weakling OpHu)
  1937 | D:3      | Reached skill level 4 in Maces & Flails
  1952 | D:3      | Killed Lavandula's ghost
  1952 | D:3      | Reached XP level 6. HP: 30/39 MP: 6/6
  2323 | D:4      | Found a staircase to the Ecumenical Temple.
  2336 | Temple   | Entered the Ecumenical Temple
  2530 | Temple   | Became a worshipper of Makhleb the Destroyer
  2761 | D:4      | Reached XP level 7. HP: 44/44 MP: 7/7
  3190 | D:4      | Noticed Grinder
  3199 | D:4      | Paralysed by Grinder for 6 turns
  3212 | D:4      | Paralysed by Grinder for 4 turns
  3220 | D:4      | Killed Grinder
  3220 | D:4      | Reached skill level 5 in Fighting
  3220 | D:4      | Reached skill level 5 in Maces & Flails
  3220 | D:4      | Reached skill level 5 in Armour
  3220 | D:4      | Reached skill level 5 in Shields
  3220 | D:4      | Reached skill level 1 in Invocations
  3311 | D:5      | Entered Level 5 of the Dungeon
  3864 | D:5      | Reached XP level 8. HP: 41/49 MP: 9/9
  4605 | D:5      | Reached skill level 6 in Maces & Flails
  4617 | D:6      | Reached * piety under Makhleb
  4655 | D:6      | Found a burning altar of Makhleb.
  4708 | D:6      | Found a radiant altar of Vehumet.
  5077 | D:6      | Reached skill level 7 in Maces & Flails
  5077 | D:6      | Reached XP level 9. HP: 54/55 MP: 11/11
  5349 | D:6      | Found a runed door.
  5358 | D:6      | Found a basalt altar of Yredelemnul.
  5899 | D:7      | Noticed Pikel
  5916 | D:7      | Killed Pikel
  5995 | D:7      | Noticed a hornet
  6018 | D:6      | Killed a hornet
  6159 | D:6      | Reached skill level 8 in Maces & Flails
  6183 | D:7      | Reached ** piety under Makhleb
  6523 | D:8      | Reached skill level 5 in Invocations
  6527 | D:8      | Noticed a fire dragon
  6547 | D:8      | Killed from afar by a fire dragon

Vault maps used:
D:1:      minmay_arrival_stone_box, solitary_fountain, minmay_hexomino_r4
D:3:      ebering_ghost_sewer_d, uniq_natasha
D:4:      minmay_temple_entry_overgrown, uniq_grinder
D:5:      first_ration
D:6:      lemuel_round_altar, basic_altar, grunt_decor_one_mirror,
          dk_yredelemnul_ordeal
D:7:      uniq_pikel
D:8:      basic_altar, minmay_three_doors
Temple:   eino_narrow_crystal_temple

Skill      XL: |  1  2  3  4  5  6  7  8  9 |
---------------+----------------------------+-----
Maces & Flails | 3 4 5 7 8 |  8.3
Fighting       | 4 5 6 7 |  7.0
Armour         | 4 5 6 7 |  7.0
Shields        | 4 5 6 7 |  7.0
Invocations    | 2 3 5 |  5.0

Action                   |  1- 3 |  4- 6 |  7- 9 || total
-------------------------+-------+-------+-------++-------
Melee: Flail             |   138 |   218 |   314 ||   670
       Unarmed           |       |     2 |       ||     2
       Whip              |       |       |    95 ||    95
  Use: Scroll            |       |       |    15 ||    15
  Eat: Chunk             |       |     7 |    12 ||    19
Armor: Scale mail        |    76 |    93 |   134 ||   303
       Skin              |       |    34 |       ||    34
       Chain mail        |       |       |   103 ||   103
       Plate armour      |       |       |    13 ||    13
Dodge: Dodged            |    34 |    53 |   129 ||   216
Block: Shield            |    82 |   136 |   244 ||   462

Table legend:
 A = Non-vault XP
 B = Vault XP
 C = Vault XP percentage of total XP
 D = Non-vault monster count
 E = Vault monster count
 F = Vault count percentage of total count
                 A         B        C        D         E       F
            +---------+---------+-------+---------+---------+-------
      Total |    3494 |     994 |  22.1 |     153 |      10 |   6.1
            +---------+---------+-------+---------+---------+-------
        D:1 |      36 |      10 |  21.7 |      20 |       4 |  16.7
        D:2 |      99 |       0 |   0.0 |      20 |       0 |   0.0
        D:3 |     247 |     115 |  31.8 |      22 |       4 |  15.4
        D:4 |     202 |     262 |  56.5 |      13 |       1 |   7.1
        D:5 |     370 |       0 |   0.0 |      21 |       0 |   0.0
        D:6 |    1739 |       0 |   0.0 |      27 |       0 |   0.0
        D:7 |     567 |     607 |  51.7 |      23 |       1 |   4.2
        D:8 |     234 |       0 |   0.0 |       7 |       0 |   0.0
            +---------+---------+-------+---------+---------+-------
